 Dungeon Crawl Stone Soup version 0.28-a0-1510-gd0f6b136d3 (webtiles) character file.

Game seed: 8341738451138074276

465803 blank1 the Conqueror (level 23, -1/238 (240) HPs)
             Began as a Minotaur Fighter on Jan 14, 2022.
             Was the Champion of Okawaru.
             Slain by a vault warden (45 damage)
             ... on level 4 of the Vaults on Jan 15, 2022.
             The game lasted 02:45:20 (54883 turns).

blank1 the Conqueror (Minotaur Fighter)            Turns: 54883, Time: 02:45:21

HP:   -1/238 (240)  AC: 38    Str: 42    XL:     23   Next: 44%
MP:   41/41         EV: 16    Int: 12    God:    Okawaru [******]
Gold: 4313          SH: 17    Dex: 13    Spells: 22/22 levels left

rFire   + + +      SeeInvis +   P - +8 demon trident "Rift" {distort, reach+}
rCold   + + .      Faith    .   N - +4 kite shield of Negation {Str+3}
rNeg    . . .      Spirit   .   T - +8 gold dragon scales
rPois   +          Reflect  .   (helmet restricted)
rElec   .          Harm     .   E - scarf {rC+ rF+}
rCorr   .          Rampage  .   t - +0 pair of gloves of Dyowazuo {Str+8 Stlth-}
Will    ++...                   A - +1 pair of boots of Prudence {Contam Regen+ Int+4}
Stlth   ..........              J - amulet of regeneration
HPRegen 2.09/turn               G - ring "Itutie Saacy" {Will+ Str+6 SInv}
MPRegen 0.27/turn               V - ring "Ihiotuguca" {rF+++ MP+9 Int+3 Dex-4 Stlth+}

@: studying 3 skills, lightly drained
A: horns 2, retaliatory headbutt
}: 2/15 runes: decaying, gossamer
a: Renounce Religion, Heroism, Finesse, Duel


You were on level 4 of the Vaults.
You worshipped Okawaru.
Okawaru was exalted by your worship.
You visited 9 branches of the dungeon, and saw 44 of its levels.
You visited the Abyss 1 time.
You also visited: Ice Cave and Desolation.

You collected 6043 gold pieces.
You spent 1730 gold pieces at shops.

Inventory:

Hand Weapons
 K - a +2 sacred scourge of holy wrath
 P - the +8 demon trident "Rift" (weapon) {distort, reach+}
   (You found it on level 15 of the Dungeon)

   It warps and distorts space around it, and may blink, banish, or inflict
   extra damage upon those it strikes.
   Unwielding it can cause banishment or high damage.
   It can reach especially far, and its reaching attacks ignore other creatures
   in the way.
Missiles
 Q - 4 throwing nets (quivered)
Armour
 h - a +1 pair of boots of flying
 t - the +0 pair of gloves of Dyowazuo (worn) {Str+8 Stlth-}
   (Okawaru gifted it to you on level 3 of the Depths)

   Str:       It affects your strength (+8).
   Stlth:     It makes you less stealthy.
 A - the +1 pair of boots of Prudence (worn) {Contam Regen+ Int+4}
   (You found it on level 9 of the Dungeon)

   Int:       It affects your intelligence (+4).
   Contam:    It causes magical contamination when unequipped.
   Regen:     It increases your rate of health regeneration.
 D - the +2 kite shield of Exclusion {rElec rF++ rCorr Stlth-}
   (Okawaru gifted it to you on level 1 of the Vaults)

   rF:        It greatly protects you from fire.
   rElec:     It insulates you from electricity.
   rCorr:     It protects you from acid and corrosion.
   Stlth:     It makes you less stealthy.
 E - a scarf of resistance (worn)
 N - the +4 kite shield of Negation (worn) {Str+3}
   (Okawaru gifted it to you on level 5 of the Lair of Beasts)

   Str:       It affects your strength (+3).
 T - +8 gold dragon scales (worn)
Jewellery
 d - the ring "Dyci" {+Blink rF- Will++ Int+6 Dex+4}
   (You found it on level 3 of the Elven Halls)

   [ring of intelligence]

   Int:       It affects your intelligence (+6).
   Dex:       It affects your dexterity (+4).
   rF:        It makes you vulnerable to fire.
   +Blink:    It lets you blink.
   Will:      It greatly increases your willpower.
 G - the ring "Itutie Saacy" (left hand) {Will+ Str+6 SInv}
   (You acquired it on level 4 of the Lair of Beasts)

   [ring of strength]

   Str:       It affects your strength (+6).
   SInv:      It lets you see invisible.
   Will:      It increases your willpower.
 J - an amulet of regeneration (around neck)
 V - the ring "Ihiotuguca" (right hand) {rF+++ MP+9 Int+3 Dex-4 Stlth+}
   (You acquired it on level 3 of the Spider Nest)

   [ring of magical power]

   Int:       It affects your intelligence (+3).
   Dex:       It affects your dexterity (-4).
   rF:        It renders you almost immune to fire.
   MP:        It affects your magic capacity (+9).
   Stlth:     It makes you more stealthy.
 X - the amulet of Gyoqunua {Faith Regen+ Int+3}
   (You found it in the Desolation of Salt)

   [amulet of faith]

   It allows you to gain divine favour quickly.
   Int:       It affects your intelligence (+3).
   Regen:     It increases your rate of health regeneration.
 Y - the ring "Wairy" {rCorr Str+2 Dex-3 Slay+6}
   (You found it in the Desolation of Salt)

   [ring of resist corrosion]

   Str:       It affects your strength (+2).
   Dex:       It affects your dexterity (-3).
   Slay:      It affects your accuracy & damage with ranged weapons and melee
   (+6).
   rCorr:     It protects you from acid and corrosion.
Wands
 e - a wand of mindburst (16)
 n - a wand of digging (11)
 o - a wand of iceblast (28)
 s - a wand of flame (46)
 B - a wand of acid (11)
Scrolls
 f - 4 scrolls of magic mapping
 m - 6 scrolls of amnesia
 p - 17 scrolls of teleportation
 q - 11 scrolls of blinking
 u - 4 scrolls of silence
 y - 5 scrolls of vulnerability
 F - 6 scrolls of fear
 H - 3 scrolls of fog
 M - a scroll of holy word
 O - 5 scrolls of brand weapon
 W - 5 scrolls of enchant weapon
Potions
 b - 4 potions of cancellation
 g - 6 potions of attraction
 i - 3 potions of lignification
 j - 11 potions of curing
 k - 7 potions of mutation
 l - 3 potions of invisibility
 r - 8 potions of heal wounds
 v - 4 potions of haste
 w - 2 potions of magic
 x - 5 potions of flight
 z - 8 potions of might
 C - 8 potions of brilliance
 I - 5 potions of ambrosia
 R - 3 potions of resistance
 U - a potion of berserk rage


   Skills:
 O Level 27 Fighting
 - Level 14.0 Maces & Flails
 - Level 14.0 Polearms
 + Level 25.1 Armour
 - Level 20.0 Dodging
 - Level 16.0 Shields
 - Level 14.0 Invocations


You had 22 spell levels left.
You didn't know any spells.
Your spell library contained the following spells:

 Spells                   Type           Power      Damage    Failure   Level
 Apportation              Tloc           0%         N/A       91%         1
 Freeze                   Ice            0%         1d3       91%         1
 Magic Dart               Conj           0%         1d3       91%         1
 Pain                     Necr           0%         1d4       91%         1
 Sting                    Tmut/Pois      0%         1d3       91%         1
 Blink                    Tloc           0%         N/A       97%         2
 Corpse Rot               Necr/Air       0%         N/A       97%         2
 Ensorcelled Hibernation  Hex/Ice        0%         N/A       97%         2
 Poisonous Vapours        Pois/Air       0%         N/A       97%         2
 Scorch                   Fire           0%         2d5       97%         2
 Sublimation of Blood     Necr           0%         N/A       97%         2
 Wereblood                Tmut           0%         N/A       97%         2
 Conjure Flame            Conj/Fire      0%         6-21      99%         3
 Frozen Ramparts          Ice            0%         1d2       99%         3
 Ignite Poison            Fire/Tmut/Pois 0%         N/A       99%         3
 Inner Flame              Hex/Fire       0%         N/A       99%         3
 Mephitic Cloud           Conj/Pois/Air  0%         N/A       99%         3
 Swiftness                Air            0%         N/A       99%         3
 Vampiric Draining        Necr           0%         2d6       99%         3
 Airstrike                Air            0%         N/A       100%        4
 Cause Fear               Hex            0%         N/A       100%        4
 Dispel Undead            Necr           0%         3d6       100%        4
 Flame Wave               Conj/Fire      0%         2d4       100%        4
 Olgreb's Toxic Radiance  Pois           0%         N/A       100%        4
 Passage of Golubria      Tloc           0%         N/A       100%        4
 Petrify                  Tmut/Erth      0%         N/A       100%        4
 Agony                    Necr           0%         N/A       100%        5
 Alistair's Intoxication  Tmut/Pois      0%         N/A       100%        5
 Blade Hands              Tmut           0%         N/A       100%        5
 Irradiate                Conj/Tmut      0%         3d13      100%        5
 Iskenderun's Battlesphe  Conj           0%         2d6       100%        5
 Lightning Bolt           Conj/Air       0%         1d11      100%        5
 Manifold Assault         Tloc           0%         N/A       100%        5
 Metabolic Englaciation   Hex/Ice        0%         N/A       100%        5
 Conjure Ball Lightning   Conj/Air       0%         3x3d6     100%        6
 Eringya's Noxious Bog    Tmut/Pois      0%         N/A       100%        6
 Iron Shot                Conj/Erth      0%         9d1       100%        6
 Starburst                Conj/Fire      0%         6d3       100%        6
 Dragon Form              Tmut           0%         N/A       100%        7
 Ozocubu's Refrigeration  Ice            0%         4d5       100%        7
 Storm Form               Tmut/Air       0%         N/A       100%        7
 Discord                  Hex            0%         N/A       100%        8
 Disjunction              Tloc           0%         N/A       100%        8
 Ignition                 Fire           0%         3d3       100%        8
 Maxwell's Capacitive Co  Air            0%         ∞         100%        8
 Chain Lightning          Conj/Air       0%         N/A       100%        9
 Fire Storm               Conj/Fire      0%         5d1       100%        9
 Shatter                  Erth           0%         3d5*      100%        9
 Animate Skeleton         Necr           Unusable   N/A       N/A         1
 Summon Small Mammal      Summ           Unusable   N/A       N/A         1
 Call Imp                 Summ           Unusable   N/A       N/A         2
 Summon Lightning Spire   Summ/Air       Unusable   N/A       N/A         4
 Death Channel            Necr           Unusable   N/A       N/A         6
 Summon Cactus Giant      Summ           Unusable   N/A       N/A         6
 Spellforged Servitor     Conj/Summ      Unusable   N/A       N/A         7
 Summon Hydra             Summ           Unusable   N/A       N/A         7
 Dragon's Call            Summ           Unusable   N/A       N/A         9

Dungeon Overview and Level Annotations

Branches:
Dungeon (15/15)            Temple (1/1) D:7            Lair (6/6) D:10
  Swamp (4/4) Lair:3       Spider (4/4) Lair:3        Slime (0/5) Lair:5
    Orc (2/2) D:10            Elf (3/3) Orc:2        Vaults (5/5) D:14
  Crypt (0/3) Vaults:3     Depths (4/4) D:15            Zot (0/5) Depths:4
  IceCv (visited)         Desolation (visited)

Altars:
Ashenzari
Cheibriados
Dithmenos
Elyvilon
Fedhas
Gozag
Hepliaklqana
Kikubaaqudgha
Makhleb
Nemelex Xobeh
Okawaru
Qazlal
Ru
Sif Muna
Trog
Uskayaw
Vehumet
Wu Jian
Xom
Yredelemnul
Zin
The Shining One
Beogh
Jiyva
Lugonu

Shops:
D:3 [   D:12 (   Orc:2 ??=(   Elf:1 :(?*(   Elf:2 !   Vaults:2 *   Depths:1 ==:
Depths:2 [**

Portals:
Hell: Depths:1 Depths:2 Depths:3 Depths:4
Abyss: Depths:3
Pandemonium: Depths:2 Depths:4
Ziggurat: Depths:1
Trove: Depths:2 (give 2 scrolls of acquirement)

Annotations:
D:4 3 runed translucent doors, croobank's ghost, weakling DrTm
Depths:3 3 runed translucent doors
Abyss:1 Boris; Kirke; Nikola


Innate Abilities, Weirdness & Mutations

You have a pair of horns on your head.
You reflexively headbutt those who attack you in melee.


Message History

Your Invocations skill increases to level 14!
You need to enable at least one skill for training.
Unknown command.
The phantasmal warrior gestures at you.
The phantasmal warrior blinks!
The vault warden hits you with a +0 battleaxe.
* * * LOW HITPOINT WARNING * * *
The vault guard hits you from afar with a +3 bardiche!
* * * LOW HITPOINT WARNING * * *
You block the vault guard's attack.
The ironbound convoker gestures at the vault warden while chanting.
The vault warden seems to grow stronger.
The fire giant hits you but does no damage.
You climb upwards.
There is a stone staircase leading down, spattered with blood here.
Items here: ))))) [[[[[[ †.
You puncture the ironbound convoker!
The ironbound convoker is lightly wounded.
The vault warden barely misses you.
You hit the ironbound convoker but do no damage.
Space warps horribly around the ironbound convoker!
You headbutt the ironbound convoker!
The ironbound convoker is severely wounded.
You block the ironbound convoker's attack.
The fire giant barely misses you.
The vault warden activates a sealing rune.
The doors slam shut!
You hit the ironbound convoker.
Space warps around the ironbound convoker.
You headbutt the ironbound convoker.
You kill the ironbound convoker!
Okawaru accepts your kill.
The fire giant hits you with a +2 great sword of flaming!!
* * * LOW HITPOINT WARNING * * *
The fire giant burns you.
* * * LOW HITPOINT WARNING * * *
Unknown command.
You feel much better.
The vault warden hits you with a +0 battleaxe!!!
You die...

#####....#..(.....+....# #[).....
########+##############'######
#.......)......(......))†.....
#.....(.......................
#.....(.............(.........
#.......(..().................
#.............................
#.....######p#################
####.....##...#)@)#...#
...#.....##...#C[[#...#
...#.....##...##+##...#
...#.....#####.[[..#############
...(.....##..#.[...#..#........##
...#.....##..+.....'..#........#.
...#[....##..#.....#..'........#.
.(.#.....#####.[...####........#.
...#.....##...##'##...#........'.


You could see a fire giant (strong, empowered) and a vault warden (strong).

Vanquished Creatures
  An ancient lich (Vaults:5)
  Mennas (Depths:3)
  Sojobo (Vaults:3)
  Frederick (Vaults:3)
  2 golden dragons
  the Enchantress (Depths:3)
  A bone dragon (Depths:4)
  Arachne (Spider:3)
  2 tentacled monstrosities
  2 titans
  Rupert (Lair:3)
  Jorgrun (Elf:1)
  4 liches
  Asterion (Spider:3)
  4 deep elf blademasters
  A walking divine tome (Depths:4)
  2 deep elf master archers (Elf:3)
  2 tentacled starspawn (D:15)
  An Executioner (Abyss:3)
  5 sphinxes
  A thorn hunter (Swamp:4)
  A storm dragon (Depths:4)
  A shadow dragon (Depths:4)
  3 tengu reavers
  Donald (Spider:2)
  2 daevas
  A draconian knight (Vaults:3)
  5 frost giants
  3 fenstrider witches (Swamp:4)
  7 deep elf sorcerers
  6 fire giants
  Louise (Depths:3)
  16 vault wardens
  4 emperor scorpions
  4 deep elf elementalists (Elf:3)
  A draconian shifter (Depths:4)
  2 orc warlords
  7 ghouls
  3 ghost moths (Spider:4)
  13 ironbound preservers
  A broodmother (Spider:1)
  A draconian stormcaller (Depths:4)
  10 very ugly things
  3 war gargoyles
  4 spriggan defenders
  12 stone giants
  4 vampire knights
  A reaper (IceCv)
  6 ironbound thunderhulks
  2 black draconians (Depths:4)
  3 deep elf demonologists
  2 eleionomae
  2 purple draconians (Depths:4)
  10 spark wasps
  3 bunyips
  2 white draconians (Depths:4)
  2 halazid warlocks (Desolation)
  3 entropy weavers
  4 dire elephants
  6 deep elf annihilators
  A blizzard demon (Swamp:4)
  6 deep elf death magi
  The ghost of HallandMoats the Victor of a Thousand Battles, a journeyman DsFi of Okawaru (D:12)
  A green death (Swamp:4)
  4 shambling mangroves
  10 ettins
  Snorg (Orc:1)
  9 yaktaur captains
  5 fire dragons
  28 vault guards
  A crystal guardian (Vaults:3)
  Harold (Orc:1)
  Josephine (Orc:2)
  5 deep elf high priests
  6 ice dragons
  7 ragged hierophants (Desolation)
  3 great orbs of eyes
  14 hydras
  4 peacekeepers
  2 servants of whispers (Desolation)
  5 boulder beetles
  A radroach (Spider:3)
  2 ghost crabs (Swamp:3)
  10 ironbound frosthearts
  A catoblepas (Lair:6)
  A spriggan air mage (Depths:3)
  A death knight (D:15)
  3 ogre magi (Swamp:4)
  2 jorogumos
  14 centaur warriors
  9 two-headed ogres
  7 deep troll shamans
  12 alligators
  24 dancing weapons
  8 death yaks
  2 thrashing horrors (Abyss:3)
  A hell hog (Depths:1)
  2 hell knights
  18 deep elf knights
  3 spriggan berserkers
  5 tengu warriors
  Urug (D:11)
  7 deep troll earth magi
  4 orc high priests (Orc:2)
  Sonja (D:11)
  5 soul eaters
  A sun demon (Depths:1)
  A salamander mystic (Depths:1)
  4 pharaoh ants
  A wretched star (Abyss:3)
  9 iron trolls
  A fire crab (shapeshifter) (Elf:1)
  13 skeletal warriors
  8 goliath frogs
  2 sixfirhies
  3 swamp dragons
  2 flayed ghosts
  A steelbarb worm (Spider:2)
  4 spriggan druids
  3 glowing orange brains
  10 orb spiders
  7 deep elf archers
  49 deep trolls
  29 deep elf zephyrmancers
  9 wizards
  Pikel (D:6)
  8 lindwurms
  5 phantasmal warriors
  29 ironbound convokers
  35 deep elf pyromancers
  A will-o-the-wisp (Swamp:2)
  A mana viper (shapeshifter) (Vaults:1)
  5 bog bodies
  31 ugly things
  2 oklob plants (Lair:3)
  5 orc sorcerers
  21 wolf spiders
  11 orc knights
  2 elephants (Lair:6)
  4 salamanders
  2 cyclopes (D:15)
  3 manticores
  4 moths of wrath
  2 black mambas
  14 vault sentinels
  An ice statue (IceCv)
  A torpor snail (Spider:2)
  3 gargoyles
  2 guardian serpents (Depths:2)
  11 cane toads
  4 molten gargoyles (Desolation)
  5 demonic crawlers
  A rime drake (Lair:4)
  A freezing wraith (D:15)
  An unseen horror (D:11)
  25 yaktaurs
  2 efreet (D:15)
  3 anaconda simulacra (IceCv)
  7 komodo dragons
  3 tengu conjurers
  An ancient zyme (Abyss:3)
  8 tyrant leeches
  A hellwing (Swamp:4)
  4 trolls
  9 meliai
  3 bloated husks
  3 polar bears (Lair:6)
  14 hornets
  27 tarantellas
  A raiju (Abyss:3)
  15 slime creatures
  36 saltlings
  5 blink frogs (Lair:6)
  6 dream sheep (Lair:5)
  2 large abominations (Abyss:3)
  A centaur simulacrum (D:15)
  A flying skull (Abyss:3)
  15 jumping spiders
  2 shadows
  6 starcursed masses
  67 yaks
  5 spriggans
  4 air elementals
  7 culicivoras
  4 wraiths
  5 water elementals
  A vampire (D:13)
  2 ynoxinuls (Abyss:3)
  3 ushabtiu (Desolation)
  3 wyverns
  3 dire elephant simulacra (IceCv)
  3 hogs (Swamp:2)
  4 fire bats (Depths:1)
  4 chaos spawn
  Grum (D:10)
  42 redbacks
  6 basilisks
  A redback (shapeshifter) (Vaults:1)
  2 fire elementals
  A steam dragon (D:8)
  A warg (Orc:2)
  Menkaure (D:4)
  A death yak simulacrum (IceCv)
  A two-headed ogre zombie (Abyss:3)
  A harpy simulacrum (IceCv)
  14 swamp worms
  Edmund (D:4)
  A swamp worm (shapeshifter) (Elf:3)
  Duvessa (D:5)
  13 water moccasins
  2 floating eyes
  An ice beast (shapeshifter) (Elf:1)
  22 orc warriors
  A sky beast (D:7)
  A black bear (Lair:1)
  A swamp drake (Swamp:1)
  An ice beast (D:6)
  4 necrophages
  A boggart (Vaults:3)
  10 wolves
  4 centaurs
  6 ogres
  A phantom (D:5)
  3 kobold brigands
  Blork the orc (D:6)
  15 bullfrogs
  6 two-headed ogre simulacra (IceCv)
  3 scorpions
  2 cane toad simulacra (IceCv)
  A gnoll sergeant (Orc:2)
  An earth elemental (Elf:2)
  Dowan (D:5)
  An elephant simulacrum (IceCv)
  10 killer bees
  4 wights (D:6)
  3 howler monkeys (D:11)
  An electric eel (Lair:3)
  A bullfrog zombie (D:6)
  4 centaur zombies
  2 quasits (Abyss:3)
  A small abomination (Abyss:3)
  A hound (shapeshifter) (Vaults:4)
  24 orc priests
  3 hounds
  Crazy Yiuf (D:3)
  A bullfrog skeleton (D:4)
  Natasha (D:2)
  A centaur skeleton (D:4)
  Ijyb (D:3)
  2 iguanas
  31 orc wizards
  2 polar bear simulacra (IceCv)
  7 spriggan simulacra (IceCv)
  4 troll simulacra (IceCv)
  2 wolf simulacra (IceCv)
  A howler monkey zombie (D:9)
  Robin (D:3)
  2 howler monkey skeletons (D:6)
  5 gnolls (Orc:2)
  8 adders
  4 naga simulacra (IceCv)
  10 white imps
  5 ufetubi (IceCv)
  4 worms
  3 dart slugs
  64 orcs
  4 endoplasms
  6 giant cockroaches
  11 goblins
  11 hobgoblins
  8 jackals
  20 kobolds
  2 quokkas
  7 ball pythons
  7 bats
  5 frilled lizards
  4 rats
  5 starspawn tentacles (D:15)
1626 creatures vanquished.

Vanquished Creatures (others)
  A fire giant (Vaults:2)
  A fenstrider witch (Swamp:4)
  An ogre mage (Vaults:5)
  A sun moth (Spider:2)
  A tengu conjurer (D:15)
  2 bloated husks
  An ogre (Vaults:5)
  2 orcs
  2 foxfires (Abyss:3)
  10 fungi
  30 plants
  2 starspawn tentacles (D:15)
  7 withered plants (Desolation)
61 creatures vanquished.

Grand Total: 1687 creatures vanquished

Notes
Turn   | Place    | Note
-------+----------+-------------------------------------------
     0 | D:1      | blank1 the Minotaur Fighter began the quest for the Orb.
     0 | D:1      | Reached XP level 1. HP: 19/19 MP: 0/0
   148 | D:1      | Found a faded altar of an unknown god.
   156 | D:1      | Reached XP level 2. HP: 27/27 MP: 1/1
   566 | D:1      | Reached skill level 1 in Dodging
   878 | D:1      | Reached XP level 3. HP: 27/33 MP: 2/2
   951 | D:1      | Reached skill level 4 in Fighting
  1372 | D:2      | Reached XP level 4. HP: 40/40 MP: 3/3
  1512 | D:2      | Noticed Natasha
  1518 | D:2      | Killed Natasha
  1808 | D:3      | Noticed Ijyb
  1821 | D:3      | Killed Ijyb
  1892 | D:3      | Reached XP level 5. HP: 47/47 MP: 4/4
  2230 | D:3      | Found a runed translucent door.
  2231 | D:3      | Noticed Crazy Yiuf
  2274 | D:3      | Noticed Robin
  2412 | D:3      | Killed Robin
  2545 | D:3      | Found Pagukaw's Armour Emporium.
  2657 | D:3      | Killed Crazy Yiuf
  2658 | D:3      | Reached skill level 5 in Fighting
  2658 | D:3      | Reached skill level 5 in Maces & Flails
  3068 | D:4      | Reached XP level 6. HP: 56/56 MP: 5/5
  3361 | D:4      | Reached skill level 6 in Fighting
  3411 | D:4      | Found a runed translucent gate.
  3412 | D:4      | Found a runed translucent gate.
  3417 | D:4      | Found a runed translucent gate.
  3420 | D:4      | Noticed croobank's ghost (weakling DrTm)
  3426 | D:4      | Noticed an orc warrior
  3662 | D:4      | Noticed Edmund
  3674 | D:4      | Killed Edmund
  3803 | D:4      | Noticed Menkaure
  3810 | D:4      | Killed Menkaure
  3811 | D:4      | Reached XP level 7. HP: 32/64 MP: 6/6
  4220 | D:4      | Reached skill level 7 in Fighting
  4486 | D:5      | Entered Level 5 of the Dungeon
  4509 | D:5      | Found a blossoming altar of Fedhas.
  4979 | D:5      | Noticed Duvessa
  4979 | D:5      | Noticed Dowan
  4996 | D:5      | Killed Duvessa
  5003 | D:5      | Killed Dowan
  5004 | D:5      | Reached XP level 8. HP: 11/73 MP: 7/7
  5499 | D:5      | Reached skill level 5 in Armour
  5499 | D:5      | Reached skill level 5 in Shields
  5643 | D:5      | Reached skill level 8 in Fighting
  5935 | D:6      | Identified a scroll of acquirement
  5935 | D:6      | Acquired the +7 plate armour of the Furrier {rC+}
  6062 | D:6      | Found an opulent altar of Gozag.
  6321 | D:6      | Noticed Blork the orc
  6329 | D:6      | Killed Blork the orc
  6668 | D:6      | Identified the +2 ring mail of the Special Youths {*Corrode
                  | rF- Str+9 Stlth+}
  6672 | D:6      | You fall into a shaft and drop 3 floors!
  6755 | D:7      | Found a staircase to the Ecumenical Temple.
  6772 | Temple   | Entered the Ecumenical Temple
  7044 | D:7      | Identified the +4 dagger of Capital Punishment {vorpal, rF+
                  | Int+3}
  7096 | D:6      | Reached XP level 9. HP: 82/82 MP: 8/8
  7113 | D:6      | Reached skill level 9 in Fighting
  7131 | D:6      | Noticed Pikel
  7158 | D:6      | Killed Pikel
  7971 | D:7      | Got Fofuir's Disquisition on the Hurtful Voyage
  8113 | D:7      | Found an ancient bone altar of Kikubaaqudgha.
  8320 | D:7      | Found an iron altar of Okawaru.
  8329 | D:7      | Reached skill level 10 in Fighting
  8329 | D:7      | Reached skill level 10 in Maces & Flails
  8334 | D:7      | Became a worshipper of Warmaster Okawaru
  8585 | D:7      | Reached skill level 1 in Invocations
  8799 | D:8      | Found a sparkling altar of Nemelex Xobeh.
  8929 | D:8      | Reached * piety under Okawaru
  8930 | D:8      | Reached XP level 10. HP: 43/93 MP: 10/10
  9343 | D:8      | Found a glowing silver altar of Zin.
  9703 | D:9      | Reached skill level 5 in Dodging
  9703 | D:9      | Found a hide-covered altar of Uskayaw.
 10048 | D:9      | Identified the +1 pair of boots of Prudence {Contam Regen+
                  | Int+4}
 10261 | D:9      | Reached ** piety under Okawaru
 10502 | D:9      | Reached skill level 11 in Fighting
 11041 | D:10     | Entered Level 10 of the Dungeon
 11043 | D:10     | Found a staircase to the Orcish Mines.
 11210 | D:10     | Reached *** piety under Okawaru
 11329 | D:10     | Noticed a two-headed ogre
 11345 | D:10     | Killed a two-headed ogre
 11346 | D:10     | Reached skill level 12 in Fighting
 11589 | D:10     | Found a staircase to the Lair.
 11745 | D:10     | Noticed Grum
 11771 | D:10     | Killed Grum
 11772 | D:10     | Reached XP level 11. HP: 75/104 MP: 12/12
 12097 | D:10     | Found a radiant altar of Vehumet.
 12373 | Lair:1   | Entered Level 1 of the Lair of Beasts
 12461 | Lair:1   | Reached **** piety under Okawaru
 12547 | Lair:1   | Reached skill level 10 in Armour
 13658 | Lair:2   | Reached skill level 5 in Invocations
 13772 | Lair:2   | Noticed a five-headed hydra
 13781 | Lair:2   | Killed a five-headed hydra
 14037 | Lair:2   | Reached ***** piety under Okawaru
 14109 | Lair:2   | Noticed a five-headed hydra
 14121 | Lair:2   | Killed a five-headed hydra
 14806 | Lair:3   | Reached skill level 13 in Fighting
 14987 | Lair:3   | Noticed Rupert
 15127 | Lair:3   | Paralysed by a floating eye for 3 turns
 15151 | Lair:3   | Killed Rupert
 15151 | Lair:3   | Identified the +3 crystal plate armour of the Princeling
                  | {Str+2} (Okawaru gifted it to you on level 3 of the Lair of
                  | Beasts)
 15151 | Lair:3   | Received a gift from Okawaru
 15152 | Lair:3   | Reached XP level 12. HP: 37/115 MP: 12/14
 15726 | Lair:3   | Reached skill level 14 in Fighting
 16070 | Lair:3   | Found a hole to the Spider Nest.
 16359 | Lair:3   | Identified the +1 leather armour of the Lost Path {Harm
                  | rC+}
 16483 | Lair:3   | Found a staircase to the Swamp.
 16879 | Lair:4   | Found a stormy altar of Qazlal.
 17284 | Lair:4   | Reached skill level 10 in Shields
 17399 | Lair:4   | Noticed a five-headed hydra
 17409 | Lair:4   | Killed a five-headed hydra
 17562 | Lair:4   | Acquired the ring "Itutie Saacy" {Will+ Str+6 SInv}
 18460 | Lair:5   | Reached ****** piety under Okawaru
 18464 | Lair:5   | Reached skill level 15 in Fighting
 18475 | Lair:5   | Reached XP level 13. HP: 93/126 MP: 15/15
 18749 | Lair:5   | Identified the +4 kite shield of Negation {Str+3} (Okawaru
                  | gifted it to you on level 5 of the Lair of Beasts)
 18749 | Lair:5   | Received a gift from Okawaru
 18904 | Lair:5   | Found a viscous altar of Jiyva.
 18904 | Lair:5   | Found a staircase to the Slime Pits.
 19178 | Lair:6   | Entered Level 6 of the Lair of Beasts
 19810 | Lair:6   | Identified the +6 dagger "Wameuf Poapt" {vorpal, rF+ Int+6}
 20327 | Lair:6   | Received a gift from Okawaru
 20753 | D:11     | Reached skill level 16 in Fighting
 20886 | D:11     | Noticed Urug
 20905 | D:11     | Killed Urug
 21202 | D:11     | Noticed Sonja
 21209 | D:11     | Killed Sonja
 21210 | D:11     | Reached XP level 14. HP: 124/137 MP: 17/17
 21829 | D:12     | Found Ajewkid's Weapon Shoppe.
 22093 | D:12     | Found a runed translucent door.
 22094 | D:12     | Noticed HallandMoats's ghost (journeyman DsFi)
 22198 | D:12     | Killed HallandMoats's ghost
 22406 | D:13     | Found an iron altar of Okawaru.
 22744 | D:14     | Identified the +0 hat of Music {Harm rC+ Int-3} (Okawaru
                  | gifted it to you on level 14 of the Dungeon)
 22744 | D:14     | Received a gift from Okawaru
 23094 | D:14     | Upgraded the game from 0.28-a0-1506-g3893175d92 to
                  | 0.28-a0-1510-gd0f6b136d3
 23192 | D:14     | Reached skill level 15 in Armour
 23269 | D:14     | Reached skill level 17 in Fighting
 23524 | D:14     | Identified the +6 long sword "Duang" {antimagic, SInv}
 23652 | D:14     | Reached skill level 15 in Shields
 23798 | D:14     | Found a gate to the Vaults.
 23882 | D:15     | Entered Level 15 of the Dungeon
 24236 | D:15     | Received a gift from Okawaru
 24356 | D:15     | Found a staircase to the Depths.
 24357 | D:15     | Noticed an emperor scorpion
 24390 | D:14     | Killed an emperor scorpion
 24391 | D:14     | Reached skill level 18 in Fighting
 24391 | D:14     | Reached XP level 15. HP: 143/149 MP: 18/18
 24753 | D:15     | Found a corrupted altar of Lugonu.
 24754 | D:15     | Noticed a tentacled starspawn
 24766 | D:15     | Killed a tentacled starspawn
 24794 | D:15     | Found the +8 demon trident "Rift" {distort, reach+}
 24796 | D:15     | Reached skill level 19 in Fighting
 24901 | D:15     | Noticed a tentacled starspawn
 24914 | D:15     | Killed a tentacled starspawn
 25469 | Orc:1    | Entered Level 1 of the Orcish Mines
 25481 | Orc:1    | Identified the +6 war axe of Diyr {vorpal, rElec rC- Dex+4
                  | SInv} (Okawaru gifted it to you on level 1 of the Orcish
                  | Mines)
 25481 | Orc:1    | Received a gift from Okawaru
 25562 | Orc:1    | Noticed Harold
 25573 | Orc:1    | Killed Harold
 25574 | Orc:1    | Reached skill level 1 in Polearms
 25721 | Orc:1    | Noticed Snorg
 25731 | Orc:1    | Killed Snorg
 25833 | Orc:2    | Entered Level 2 of the Orcish Mines
 25911 | Orc:2    | Found a staircase to the Elven Halls.
 25912 | Orc:2    | Noticed Josephine
 25919 | Orc:2    | Killed Josephine
 26046 | Orc:2    | Found a frozen archway.
 26056 | IceCv    | Entered an ice cave
 27661 | Orc:2    | Received a gift from Okawaru
 27789 | Orc:2    | Found Qyhuaph's Magic Scroll Shoppe.
 27789 | Orc:2    | Found Rytzeinu's Weapon Emporium.
 27789 | Orc:2    | Found Qumuneoh's Jewellery Emporium.
 27792 | Orc:2    | Found Bileus's Magic Scroll Shoppe.
 28140 | D:3      | Bought +2 gold dragon scales for 1288 gold pieces
 28358 | Spider:1 | Entered Level 1 of the Spider Nest
 28417 | Spider:1 | Reached skill level 5 in Polearms
 29324 | Spider:2 | Found a hide-covered altar of Uskayaw.
 29338 | Spider:2 | Reached skill level 10 in Dodging
 29454 | Spider:2 | Reached XP level 16. HP: 108/160 MP: 21/21
 29827 | Spider:2 | Noticed Donald
 29843 | Spider:2 | Killed Donald
 30277 | Spider:2 | Reached skill level 10 in Polearms
 30702 | Spider:3 | Acquired the ring "Ihiotuguca" {rF+++ MP+9 Int+3 Dex-4
                  | Stlth+}
 30876 | Spider:3 | Received a gift from Okawaru
 30988 | Spider:3 | Noticed Asterion
 31000 | Spider:3 | Killed Asterion
 31618 | Spider:4 | Entered Level 4 of the Spider Nest
 31625 | Spider:4 | Noticed Arachne
 31680 | Spider:3 | Killed Arachne
 32248 | Spider:4 | Reached skill level 20 in Fighting
 32307 | Spider:4 | Identified the +4 scale mail "Earthly Heaven" {rPois Int+7
                  | SInv} (Okawaru gifted it to you on level 4 of the Spider
                  | Nest)
 32307 | Spider:4 | Received a gift from Okawaru
 33153 | Spider:4 | Got a gossamer rune of Zot
 33549 | Swamp:1  | Entered Level 1 of the Swamp
 33631 | Swamp:1  | Reached XP level 17. HP: 139/172 MP: 23/23
 34008 | Swamp:2  | You fall into a shaft and drop 1 floor!
 34047 | Swamp:3  | Reached skill level 21 in Fighting
 34047 | Swamp:3  | Reached skill level 10 in Invocations
 34416 | Swamp:2  | Identified the +1 robe "Ruex" {rF+++ Will- Dex+6} (Okawaru
                  | gifted it to you on level 2 of the Swamp)
 34416 | Swamp:2  | Received a gift from Okawaru
 34461 | Swamp:2  | Noticed Kirke
 34586 | Swamp:2  | Banished Kirke
 35578 | Swamp:4  | Entered Level 4 of the Swamp
 36384 | Swamp:4  | Received a gift from Okawaru
 36581 | Swamp:4  | Noticed a tentacled monstrosity
 36590 | Swamp:4  | Reached XP level 18. HP: 88/182 MP: 25/25
 36591 | Swamp:4  | Killed a tentacled monstrosity
 36596 | Swamp:4  | Got a decaying rune of Zot
 36877 | Orc:2    | Bought 3 scrolls of enchant armour for 292 gold pieces
 36901 | Elf:1    | Entered Level 1 of the Elven Halls
 36993 | Elf:1    | Found a crumbling gateway.
 37018 | Desolati | Entered the Desolation of Salt
 37343 | Desolati | Reached skill level 22 in Fighting
 37411 | Desolati | Identified the amulet of Gyoqunua {Faith Regen+ Int+3}
 37414 | Desolati | Identified the +7 glaive of Capital Punishment {freeze, rF+
                  | rCorr Dex+3}
 37434 | Desolati | Identified the +2 double sword of Exquisite Death {vamp,
                  | Str+3 SInv}
 37792 | Desolati | Identified the ring "Wairy" {rCorr Str+2 Dex-3 Slay+6}
 37803 | Desolati | Got Sif Muna's Guide on the Snowflakes
 37934 | Desolati | Got the Incunabulum of Blistering Execration
 37944 | Desolati | Identified the amulet "Johopill" {Faith +Inv}
 38097 | Elf:1    | Found Akyuthrat's General Store.
 38126 | Elf:1    | Reached skill level 23 in Fighting
 38143 | Elf:1    | Paralysed by an air elemental for 1 turns
 38337 | Elf:1    | Received a gift from Okawaru
 38363 | Elf:1    | Found Luawn's Weapon Boutique.
 38437 | Elf:1    | Paralysed by an air elemental for 1 turns
 38499 | Elf:1    | Found Fanomeam's Book Shop.
 38602 | Elf:1    | Found Nuepyg's Magic Scroll Shoppe.
 38608 | Elf:1    | Bought a scroll of enchant armour for 150 gold pieces
 38742 | Elf:1    | Reached skill level 24 in Fighting
 38786 | Elf:1    | Found Xyutuezab's Antique Weapon Shoppe.
 39130 | Elf:1    | Noticed Jorgrun
 39137 | Elf:1    | Killed Jorgrun
 39137 | Elf:1    | Identified the +1 trident of Wrath {speed, rCorr Str+4}
                  | (Okawaru gifted it to you on level 1 of the Elven Halls)
 39137 | Elf:1    | Received a gift from Okawaru
 39467 | Elf:2    | Found Bethemo's Distillery.
 39529 | Elf:2    | Reached XP level 19. HP: 200/200 MP: 26/26
 39817 | Elf:2    | Reached skill level 25 in Fighting
 39842 | Elf:2    | Found a runed translucent door.
 39869 | Elf:2    | Found a runed translucent door.
 40189 | Elf:2    | Received a gift from Okawaru
 40216 | Elf:2    | Cast into level 3 of the Abyss (+0 triple sword of
                  | distortion)
 40581 | Elf:2    | Escaped the Abyss
 40910 | Elf:3    | Entered Level 3 of the Elven Halls
 41446 | Elf:3    | Paralysed by an air elemental for 1 turns
 41943 | Elf:3    | Identified the +1 robe of the Alphagorgon {rF+} (Okawaru
                  | gifted it to you on level 3 of the Elven Halls)
 41943 | Elf:3    | Received a gift from Okawaru
 41983 | Elf:3    | Reached skill level 26 in Fighting
 42173 | Elf:3    | Identified the amulet "Xoprumal" {RegenMP Rampage rF+}
 42242 | Elf:3    | Identified the +9 long sword of Myrphuha {vorpal, rF+}
 42247 | Elf:3    | Identified the +1 ring mail of Veuwol {Regen+}
 42303 | Elf:3    | Identified the amulet "Uwkaifuj" {Acrobat Harm rN++ Str-2
                  | Stlth+}
 42416 | Elf:3    | Identified the ring "Dyci" {+Blink rF- Will++ Int+6 Dex+4}
 42432 | Elf:3    | Got Sif Muna's Incunabulum of Feathers
 42440 | Elf:3    | Got the Reference Book on the Snowflakes and the Volcanoes
 42750 | Vaults:1 | Entered Level 1 of the Vaults
 42886 | D:14     | Reached skill level 27 in Fighting
 43071 | Vaults:1 | Reached XP level 20. HP: 215/216 MP: 28/28
 43767 | Vaults:1 | Identified the +2 kite shield of Exclusion {rElec rF++
                  | rCorr Stlth-} (Okawaru gifted it to you on level 1 of the
                  | Vaults)
 43767 | Vaults:1 | Received a gift from Okawaru
 44351 | Vaults:2 | Found Vuullel's General Store.
 45501 | Vaults:3 | Noticed Frederick
 45523 | Vaults:3 | Killed Frederick
 45618 | Vaults:3 | Found a staircase to the Crypt.
 45618 | Vaults:3 | Found an ancient bone altar of Kikubaaqudgha.
 45619 | Vaults:3 | Found a basalt altar of Yredelemnul.
 46285 | Vaults:3 | Received a gift from Okawaru
 46304 | Vaults:3 | Reached skill level 15 in Dodging
 46424 | Vaults:3 | Reached XP level 21. HP: 132/224 MP: 29/29
 46520 | Vaults:3 | Noticed Sojobo
 46563 | Vaults:3 | Killed Sojobo
 47051 | Vaults:4 | Identified the +1 scale mail "Kaekhu" {Int+2}
 47325 | Vaults:4 | Identified the -1 hat "Yplyir Uji" {+Blink rF+ Int-5
                  | Slay+2} (Okawaru gifted it to you on level 4 of the Vaults)
 47325 | Vaults:4 | Received a gift from Okawaru
 48938 | Vaults:5 | Entered Level 5 of the Vaults
 48967 | Vaults:5 | Paralysed by a Zot trap for 5 turns
 49294 | Depths:1 | Entered Level 1 of the Depths
 49390 | Depths:1 | Found a one-way gateway to a ziggurat.
 49439 | Depths:1 | Received a gift from Okawaru
 49577 | Depths:1 | Reached XP level 22. HP: 217/233 MP: 30/30
 49711 | Depths:1 | Found a shimmering blue altar of Sif Muna.
 49815 | Depths:1 | Noticed Nikola
 49933 | Depths:1 | Got Sif Muna's Reference Book on Cold
 49935 | Depths:1 | Got Sif Muna's Grimoire of Transmigration
 50041 | Depths:1 | Banished Nikola
 50215 | Depths:1 | Found Fippuet's Book Emporium.
 50215 | Depths:1 | Found Diadghuku's Jewellery Shop.
 50216 | Depths:1 | Found Pedoih's Jewellery Shop.
 50253 | Depths:1 | You fall into a shaft and drop 1 floor!
 50588 | Depths:1 | Identified the +2 great sword "Vyzuomil" {vorpal, +Blink}
 50772 | Depths:1 | Found a gateway to Hell.
 51195 | Depths:2 | Found Gozag's Antique Armour Shoppe.
 51221 | Depths:2 | Noticed a golden dragon
 51222 | Depths:2 | Found Gozag's Assorted Antiques.
 51222 | Depths:2 | Found an opulent altar of Gozag.
 51223 | Depths:2 | Found Gozag's Assorted Antiques.
 51276 | Depths:2 | Found a portal to a secret trove of treasure.
 51333 | Depths:2 | Found a one-way gate leading to the halls of Pandemonium.
 51393 | Depths:2 | Killed a golden dragon
 51603 | Depths:3 | Noticed Louise
 51635 | Depths:3 | Killed Louise
 51718 | Depths:3 | Identified the +4 ring mail "Byorphuqy" {Slay+3} (Okawaru
                  | gifted it to you on level 3 of the Depths)
 51718 | Depths:3 | Received a gift from Okawaru
 51887 | Depths:3 | Found a one-way gate to the infinite horrors of the Abyss.
 51907 | Depths:3 | Noticed Mennas
 51955 | Depths:3 | Killed Mennas
 52009 | Depths:3 | Paralysed by a floating eye for 2 turns
 52084 | Depths:3 | Noticed Boris
 52087 | Depths:3 | Banished Boris
 52091 | Depths:3 | Noticed the Enchantress
 52121 | Depths:3 | Killed the Enchantress
 52586 | Depths:4 | Entered Level 4 of the Depths
 52957 | Depths:4 | Noticed a golden dragon
 52997 | Depths:4 | Killed a golden dragon
 53214 | Depths:3 | Found a runed translucent door.
 53228 | Depths:3 | Identified the +0 pair of gloves of Dyowazuo {Str+8 Stlth-}
                  | (Okawaru gifted it to you on level 3 of the Depths)
 53228 | Depths:3 | Received a gift from Okawaru
 53248 | Depths:3 | Found a runed translucent door.
 53268 | Depths:3 | Reached XP level 23. HP: 230/232 MP: 31/31
 53272 | Depths:3 | Found a runed translucent door.
 53274 | Depths:3 | Found a runed translucent door.
 53335 | Depths:3 | Got the Disquisition on Toxic Unholy Arts
 53340 | Depths:3 | Identified the +10 falchion of Kunnudux {vorpal, rElec
                  | rCorr}
 53363 | Depths:3 | Identified the +0 ring mail "Tamoxt" {rC+ Will+ Dex+4
                  | Stlth-}
 53367 | Depths:3 | Identified the +7 morningstar of the Jumping Whale {vorpal,
                  | rElec rF+ Int+6}
 53435 | Depths:4 | Found a gate to the Realm of Zot.
 53656 | Depths:4 | Found a sacrificial altar of Ru.
 54761 | Vaults:5 | Noticed an ancient lich
 54877 | Vaults:5 | Killed an ancient lich
 54877 | Vaults:5 | Received a gift from Okawaru
 54883 | Vaults:4 | Slain by a vault warden

Illustrated notes

Levels and vault maps discovered:
D:1:      lightli_iron_boxes, layout_basic, ebering_ecumenical_altar_box
D:2:      layout_rooms, uniq_natasha
D:3:      layout_loops_ring, serial_shops, nicolae_diamond_shop, minivault_11,
          uniq_crazy_yiuf_cottage, uniq_robin, uniq_ijyb
D:4:      layout_layer_cave, serial_glass, glass_columns_c, glass_columns_a,
          biasface_ghost_orc_armoury, kennysheep_generic_room_6, uniq_edmund,
          uniq_menkaure
D:5:      layout_basic, mainiacjoe_overflow_surrounded_room, uniq_duvessa
D:6:      layout_basic, nicolae_gozag_cash_rules_everything_around_me,
          minmay_misc_feat_tower, uniq_pikel, uniq_blork_the_orc
D:7:      layout_basic, mainiacjoe_overflow_boulevard, kennysheep_mini_moat,
          minmay_temple_entry_tees
D:8:      layout_basic, mainiacjoe_overflow_brackets,
          mainiacjoe_overflow_tiny_flanked, fungi_pond_lemuel,
          minmay_crystal_water
D:9:      layout_basic, nicolae_overflow_crystal_walls,
          kennysheep_generic_room_9
D:10:     layout_loops_ring, lemuel_coloured_pillars_altar, david_lair_shrubbed,
          orc_0_dummy, uniq_grum
D:11:     layout_roguey, uniq_urug, uniq_sonja
D:12:     layout_loops_ring, serial_shops, nicolae_shop_waterfront,
          gammafunk_ghost_grave
D:13:     layout_roguey, okawaru_gym_becter
D:14:     layout_loops_ring, david_vaults_5, serial_park_tiny_pond
D:15:     hangedman_depths_entry_try_elsewhere_first, layout_basic,
          hangedman_abyss_or_decor_clamps, hellmonk_guarded_unrand_rift
Temple:   minmay_temple_curvy_branch
Lair:1:   layout_long_grid, st_stairs_11, grunt_forest_small_clearing_treed
Lair:2:   layout_roguey, grunt_megastairs_1, lemuel_fruit_tree
Lair:3:   layout_gridlike, nicolae_swamp_entry_splash_gauntlet,
          spider_nest_entry_funnel_web, disabler_island, uniq_rupert
Lair:4:   layout_cave_pods, basic_altar, serial_bayou_shore_a
Lair:5:   layout_long_grid, dpeg_slime_entry_enclosed_altar, st_stairs_8,
          grunt_megastairs_4, infiniplex_staircase_pool
Lair:6:   grunt_lair_end_beastmaster, layout_cave_pods,
          nicolae_quartered_pool_medium, kennysheep_basilisk_garden
Swamp:1:  layout_falls_marsh, evilmike_swamp_ruin_house_2
Swamp:2:  layout_basic_swamp, hangedman_swamp_ruin_wall, swamp_pool5,
          statue_in_the_mist_lemuel, uniq_kirke
Swamp:3:  layout_basic_swamp, evilmike_swamp_ruin_wall
Swamp:4:  nzn_swamp_witches_coven, layout_basic_swamp
Spider:1: layout_spider_delve
Spider:2: layout_cave_pods, nicolae_spider_altar_of_dancing,
          nicolae_spider_cling_halls, uniq_donald
Spider:3: layout_cave_pods, uniq_asterion
Spider:4: grunt_spider_rune_parallel, uniq_arachne
Orc:1:    layout_caves, hellmonk_bongcloud_opening, uniq_snorg, uniq_harold
Orc:2:    st_orc_mages, layout_caves, portal_ice_cave_entry_pillars_2,
          special_room, nicolae_orc_rockfall, uniq_josephine
Elf:1:    eino_elf_arrival_shootout, layout_onion_city,
          portal_desolation_entry_salt, serial_shops, nicolae_shop_stone, shop,
          shop, nicolae_shop_bloodbath_and_beyond, nicolae_shop_hallway_stairs,
          minmay_elf_demonology, uniq_jorgrun
Elf:2:    elven_hall_of_blades_hangedman_original
          [nicolae_blade_entry_splitting_headache], layout_geoelf_octagon,
          serial_shops, nicolae_diamond_shop
Elf:3:    minmay_elf_hall_statues, layout_loops_corners
Vaults:1: grunt_vaults_trifunnel, v_pattern_4, ontoclasm_vaults_decontamination,
          v_misc_12, nicolae_vaults_little_squares_2,
          nicolae_vaults_little_squares_3, grunt_vaults_hallway_short,
          dpeg_vaults_waves, vaults_mumra_chevron_long,
          nicolae_vaults_inception_statues, vaults_room_pool,
          ontoclasm_vaults_bender, vaults_standard_mumra_enter_the_diamond,
          layout_vaults_omnibox
Vaults:2: vaults_dpeg_encased_lava, nicolae_vaults_disjoint_gnomons,
          nicolae_vaults_mini_display_case, nicolae_vaults_network_square,
          nicolae_vaults_little_squares_3, layout_vaults_omnigrid, serial_shops,
          nicolae_shop_window_shopping
Vaults:3: vaults_mumra_minichess, minmay_crypt_entry_necro_gods, v_misc_8,
          ontoclasm_vaults_ring_large, v_rooms_4, vaults_mumra_hex,
          vaults_dpeg_cross, v_misc_18, vaults_room_grunt_arrival_ludios,
          nicolae_vaults_angled_halls, ontoclasm_vaults_pinch,
          hangedman_vaults_slice, sword_in_stone, vaults_room_semicircle,
          layout_vaults_big_cross, uniq_frederick
Vaults:4: v_misc_18, v_rooms_6, vaults_room_boxed, v_rooms_5,
          grunt_vaults_diagonal, ontoclasm_vaults_gallery, v_misc_16,
          vaults_dpeg_hooks, dpeg_vaults_monster_box, layout_vaults_ring
Vaults:5: serial_shops
Depths:1: abrahamwl_protected_by_tso_1, layout_gridlike, enter_ziggurat_a,
          hellmouth_1, kennysheep_nub, nicolae_sif_muna_little_library,
          minmay_shop_grove, infiniplex_staircase_pool_lava,
          serial_bayou_shore_b, uniq_nikola
Depths:2: kennysheep_gozag_temple, layout_cave_pools,
          chequers_serial_rivers_micro_d, pf_hell_entry_tar_spiral,
          grunt_pan_entry_spiral, nicolae_trove_entry_diagonal
Depths:3: impenetrable_vault, layout_cave_pools, grunt_hell_entry_dis_mu,
          nicolae_abyss_entry_one_way_or_another, uniq_boris, uniq_mennas,
          uniq_enchantress
Depths:4: grunt_zot_entry_funnels, layout_cave_pools, hell_entry, pan_entry,
          hangedman_ru_absence

Skill      XL: |  1  2  3  4  5  6  7  8  9 10 11 12 13 14 15 16 17 18 19 20 21 22 23 |
---------------+----------------------------------------------------------------------+-----
Dodging        | 1 2 4 5 7 10 15 17 19 20 | 20.0
Armour         | 4 6 8 9 10 11 14 15 18 20 22 25 | 25.1
Shields        | 4 5 6 8 10 12 15 16 | 16.0
Fighting       | 4 5 6 7 8 10 12 13 15 16 18 19 20 21 24 27 | 27.0
Maces & Flails | 3 4 5 6 7 8 10 12 13 14 | 14.0
Invocations    | 2 3 5 6 8 9 11 12 14 | 14.0
Polearms       | 7 12 14 | 14.0

Action                   |  1- 3 |  4- 6 |  7- 9 | 10-12 | 13-15 | 16-18 | 19-21 | 22-24 || total
-------------------------+-------+-------+-------+-------+-------+-------+-------+-------++-------
Melee: Flail             |   114 |   135 |   312 |   320 |       |       |       |       ||   881
       Headbutt          |    12 |    20 |    48 |   176 |   287 |   212 |   298 |   155 ||  1208
       Morningstar       |       |       |       |   370 |   790 |       |       |       ||  1160
       Demon trident     |       |       |       |       |   498 |  1487 |  1752 |   895 ||  4632
       Unarmed           |       |       |       |       |       |     3 |       |       ||     3
Invok: Heroism           |       |       |       |     2 |       |       |     2 |       ||     4
       Finesse           |       |       |       |       |       |       |     3 |     2 ||     5
Evoke: Wand              |       |       |       |     1 |       |     2 |       |     1 ||     4
  Use: Potion            |       |     1 |       |     1 |     1 |     2 |     1 |     3 ||     9
       Scroll            |       |       |    15 |    10 |     5 |     7 |     3 |     2 ||    42
 Stab: Distracted        |       |       |       |       |     1 |     2 |       |       ||     3
Armor: Scale mail        |    69 |    40 |       |       |       |       |       |       ||   109
       Chain mail        |       |     1 |    36 |       |       |       |       |       ||    37
       Plate armour      |       |       |   192 |   206 |       |       |       |       ||   398
       Crystal plate arm |       |       |       |    94 |   557 |       |       |       ||   651
       Gold dragon scale |       |       |       |       |   100 |   536 |   536 |   247 ||  1419
Dodge: Dodged            |    65 |    56 |    93 |   139 |   377 |   278 |   300 |   248 ||  1556
Block: Buckler           |    26 |    29 |       |       |       |       |       |       ||    55
       Kite shield       |       |       |   139 |   332 |   947 |   777 |   751 |   457 ||  3403

Table legend: (Time is in decaauts)
 A = Elapsed time spent in this place.
 B = Non-inter-level travel time spent in this place.
 C = Inter-level travel time spent in this place.
 D = Time resting spent in this place.
 E = Time spent auto-exploring this place.
 F = Levels seen in this place.
 G = Mean time per level.
                   A        B        C        D        E       F      G
               +--------+--------+--------+--------+--------+-----+--------+
         Total |  54257 |  50315 |   3942 |   6237 |  29381 |  47 | 1154.4 |
       Dungeon |  17666 |  16247 |   1419 |   2414 |  10716 |  15 | 1177.7 |
        Temple |    251 |    247 |      4 |      0 |    246 |   1 |  251.0 |
          Lair |   8579 |   7883 |    696 |   1353 |   4983 |   6 | 1429.8 |
         Swamp |   3356 |   3174 |    182 |    368 |   1792 |   4 |  839.0 |
   Spider Nest |   5105 |   4746 |    359 |    499 |   2908 |   4 | 1276.2 |
  Orcish Mines |   1876 |   1681 |    195 |    200 |    642 |   2 |  938.0 |
   Elven Halls |   3998 |   3779 |    219 |    249 |   1990 |   3 | 1332.7 |
        Vaults |   6812 |   6192 |    620 |    940 |   3479 |   5 | 1362.4 |
        Depths |   4430 |   4184 |    246 |    101 |   2016 |   4 | 1107.5 |
         Abyss |    338 |    338 |      0 |      0 |      0 |   1 |  338.0 |
      Ice Cave |    844 |    844 |      0 |     28 |    519 |   1 |  844.0 |
    Desolation |    997 |    997 |      0 |     84 |     89 |   1 |  997.0 |
               +--------+--------+--------+--------+--------+-----+--------+

Top non-repeatable levels by time:
Vaults:4: 2543 daAuts
  Lair:3: 2298 daAuts
     D:4: 2037 daAuts
Vaults:3: 1599 daAuts
     D:6: 1571 daAuts
  Lair:4: 1493 daAuts
   Elf:3: 1488 daAuts
    D:15: 1477 daAuts
Spider:4: 1472 daAuts
  Lair:6: 1459 daAuts
Depths:1: 1458 daAuts
   Elf:1: 1438 daAuts
    D:10: 1421 daAuts
Spider:2: 1363 daAuts
     D:9: 1357 daAuts
